[Event "Cracovia Festival-A 2023"]
[Site "Krakow"]
[Date "2024.01.03"]
[Round "8.11"]
[White "Suder, Jakub"]
[Black "Dzida, Kamil"]
[Result "1/2-1/2"]
[ECO "D43"]
[WhiteElo "2312"]
[BlackElo "2396"]
[Annotator "RC"]
[PlyCount "88"]
[EventDate "2023.12.24"]
[EventType "swiss"]
[EventCountry "POL"]
[SourceTitle "playchess.com"]
[Source "ChessBase"]
[SourceQuality "1"]
[TimeControl "40/5400+30:1800+30"]

1. d4 d5 2. c4 c6 3. Nf3 Nf6 4. Nc3 e6 5. g3 dxc4 6. Bg2 b5 7. O-O Bb7 8. e4 Be7 9. e5 Nd5 10. Ne4 Nd7 11. Nfg5 Qb6 12. Qf3 Rf8 13. Nxh7 Qxd4 14. Rd1 Qxe5 15. Nxf8 Bxf8 16. Ng5 Qf6 17. Qe2 O-O-O 18. a4 a6 19. Nf3 Qf5 20. Be3 Nc5 21. axb5 cxb5 22. Rac1 Nb3 23. Rxc4+ bxc4 24. Qxc4+ Nc7 25. Qxb3 Rxd1+ 26. Qxd1 Qh5 27. h3 Be7 28. g4 Qd5 29. Qc1 Bf6 30. Bf4 e5 31. Be3 g6 32. Ne1 Qb3 33. Bxb7+ Kxb7 34. Qc5 Qxb2 35. g5 Bd8 36. Qc4 Qb1 37. Bd2 Bxg5 38. Ba5 Bd8 39. Qxf7 Kc8 40. Qc4 Qb5 41. Qg4+ Kb7 42. Qe4+ Qc6 43. Qxe5 Bf6 44. Qg3 Bd4 1/2-1/2

[Event "Cracovia Festival-A 2023"]
[Site "Krakow"]
[Date "2024.01.03"]
[Round "8.12"]
[White "Kulkarni Bhakti"]
[Black "Balint, Peter"]
[Result "1-0"]
[ECO "A05"]
[WhiteElo "2364"]
[BlackElo "2187"]
[Annotator "RC"]
[PlyCount "133"]
[EventDate "2023.12.24"]
[EventType "swiss"]
[EventCountry "POL"]
[SourceTitle "playchess.com"]
[Source "ChessBase"]
[SourceQuality "1"]
[TimeControl "40/5400+30:1800+30"]

1. Nf3 Nf6 2. c4 c5 3. g3 Nc6 4. Bg2 d6 5. b3 g6 6. Bb2 Bg7 7. O-O O-O 8. d3 a6 9. Nc3 Rb8 10. Nd5 e6 11. Nxf6+ Bxf6 12. Qd2 b5 13. Qh6 e5 14. h4 Bg7 15. Qd2 h6 16. h5 gxh5 17. Nh4 Qg5 18. Qxg5 hxg5 19. Bxc6 gxh4 20. gxh4 Bg4 21. f3 Bh3 22. Rf2 Be6 23. f4 f5 24. Rg2 Kh7 25. Rxg7+ Kxg7 26. fxe5 bxc4 27. dxc4 Kh7 28. exd6 Rb6 29. Bf3 Rxd6 30. Bxh5 f4 31. Kf2 f3 32. Bxf3 Bg4 33. Ba3 Rf5 34. Bxc5 Rdf6 35. Bd4 Rf7 36. Rh1 Bxf3 37. exf3 Rxf3+ 38. Ke2 Rg3 39. Rh2 Re7+ 40. Kd1 Rd3+ 41. Rd2 Rxd2+ 42. Kxd2 Kg6 43. Be3 Re4 44. Bg5 Kf5 45. Kc3 Rg4 46. Kb4 Rg2 47. a4 Rg3 48. c5 Ke6 49. c6 a5+ 50. Kc4 Rg4+ 51. Kc5 Rg3 52. Kc4 Rg4+ 53. Kc5 Rg3 54. Bd2 Rxb3 55. Bxa5 Rb1 56. Bd8 Rc1+ 57. Kb6 Rb1+ 58. Kc7 Ra1 59. a5 Rxa5 60. Kb7 Ra4 61. h5 Rc4 62. Bb6 Kf5 63. Be3 Rb4+ 64. Ka6 Rb3 65. c7 Rc3 66. Kb7 Rb3+ 67. Kc6 1-0

[Event "Cracovia Festival-A 2023"]
[Site "Krakow"]
[Date "2024.01.03"]
[Round "8.13"]
[White "Steindl, Johannes"]
[Black "Szczurek, Krzysztof"]
[Result "0-1"]
[ECO "C65"]
[WhiteElo "2334"]
[BlackElo "2175"]
[Annotator "RC"]
[PlyCount "68"]
[EventDate "2023.12.24"]
[EventType "swiss"]
[EventCountry "POL"]
[SourceTitle "playchess.com"]
[Source "ChessBase"]
[SourceQuality "1"]
[TimeControl "40/5400+30:1800+30"]

1. e4 e5 2. Nf3 Nc6 3. Bb5 Nf6 4. d3 Bc5 5. c3 d6 6. Bg5 h6 7. Bh4 a6 8. Ba4 b5 9. Bc2 g5 10. Bg3 g4 11. Bh4 Rg8 12. Nfd2 d5 13. exd5 Qxd5 14. Bxf6 Qxg2 15. Rf1 Qxh2 16. d4 exd4 17. Ne4 g3 18. Nxg3 Bg4 19. Qd3 Kf8 20. Kd2 Rg6 21. Bxd4 Bxd4 22. cxd4 Rd8 23. Qa3+ b4 24. Qxa6 Rgd6 25. Qb7 Nxd4 26. Be4 Nf5+ 27. Kc2 Nxg3 28. Qxb4 Nxf1 29. Nc3 Qxf2+ 30. Kb3 Nd2+ 31. Ka3 c5 32. Qb7 Nxe4 33. Nxe4 Qf3+ 34. b3 R6d7 0-1

[Event "Cracovia Festival-A 2023"]
[Site "Krakow"]
[Date "2024.01.03"]
[Round "8.14"]
[White "Aakash Sharadchandra, Dalvi"]
[Black "Sernecki, Franciszek"]
[Result "1-0"]
[ECO "E20"]
[WhiteElo "2130"]
[BlackElo "2325"]
[Annotator "RC"]
[PlyCount "91"]
[EventDate "2023.12.24"]
[EventType "swiss"]
[EventCountry "POL"]
[SourceTitle "playchess.com"]
[Source "ChessBase"]
[SourceQuality "1"]
[TimeControl "40/5400+30:1800+30"]

1. d4 Nf6 2. c4 e6 3. Nc3 Bb4 4. Bd2 c5 5. dxc5 Bxc5 6. Nf3 O-O 7. g3 b6 8. Bg2 Bb7 9. O-O Ne4 10. Rc1 Qe7 11. a3 a5 12. Na4 Na6 13. Nxc5 Naxc5 14. b3 Rfd8 15. Be3 d5 16. Qc2 dxc4 17. bxc4 Nd6 18. Qb1 Qc7 19. Ng5 g6 20. Bxb7 Ndxb7 21. Ne4 Nxe4 22. Qxe4 Nd6 23. Qe5 Ne8 24. Qxc7 Nxc7 25. Bxb6 Rdc8 26. Rfd1 Ra6 27. Rb1 e5 28. a4 Kg7 29. c5 Ne6 30. e3 Rc6 31. Rd5 f6 32. Rd7+ Kh6 33. Rd6 Rxd6 34. cxd6 Nf8 35. Rb5 Nd7 36. Bc7 e4 37. Rxa5 Rc6 38. Kg2 g5 39. Ra8 g4 40. Re8 Nc5 41. Re7 Nd3 42. d7 Ne1+ 43. Kf1 Nf3 44. Ba5 Rc1+ 45. Ke2 Rc2+ 46. Kd1 1-0

[Event "Cracovia Festival-A 2023"]
[Site "Krakow"]
[Date "2024.01.03"]
[Round "8.15"]
[White "Kozak, Antoni"]
[Black "Keinanen, Anastasia"]
[Result "1-0"]
[ECO "E98"]
[WhiteElo "2442"]
[BlackElo "2227"]
[Annotator "RC"]
[PlyCount "81"]
[EventDate "2023.12.24"]
[EventType "swiss"]
[EventCountry "POL"]
[SourceTitle "playchess.com"]
[Source "ChessBase"]
[SourceQuality "1"]
[TimeControl "40/5400+30:1800+30"]

1. Nf3 Nf6 2. c4 g6 3. Nc3 Bg7 4. e4 d6 5. d4 O-O 6. Be2 e5 7. O-O Nc6 8. d5 Ne7 9. Ne1 Nd7 10. Nd3 f5 11. f3 f4 12. b4 a5 13. Ba3 c6 14. dxc6 bxc6 15. b5 c5 16. Nb2 Nf6 17. Nba4 Be6 18. Qd2 Ra7 19. Rab1 Rd7 20. Nd5 g5 21. Ndb6 Rb7 22. Rfd1 Rxb6 23. Nxb6 Qxb6 24. Qxd6 Qxd6 25. Rxd6 Kf7 26. Bxc5 Nd7 27. Bf2 Rc8 28. Ra6 Bf8 29. Rxa5 Rb8 30. Rc1 Nc8 31. c5 Be7 32. Ra6 Rb7 33. c6 Rc7 34. b6 Ndxb6 35. Bxb6 Nxb6 36. Rxb6 Bxa2 37. Rb7 Rc8 38. Ba6 Be6 39. Rxe7+ Kxe7 40. Bxc8 Bxc8 41. Rd1 1-0

[Event "Cracovia Festival-A 2023"]
[Site "Krakow"]
[Date "2024.01.03"]
[Round "8.16"]
[White "Klepek, Witold"]
[Black "Karolczuk, Iwo"]
[Result "1-0"]
[ECO "B90"]
[WhiteElo "2252"]
[BlackElo "2365"]
[Annotator "RC"]
[PlyCount "61"]
[EventDate "2023.12.24"]
[EventType "swiss"]
[EventCountry "POL"]
[SourceTitle "playchess.com"]
[Source "ChessBase"]
[SourceQuality "1"]
[TimeControl "40/5400+30:1800+30"]

1. e4 c5 2. Nf3 d6 3. d4 cxd4 4. Nxd4 Nf6 5. Nc3 a6 6. Rg1 h5 7. Bg5 Nbd7 8. Qd2 Nc5 9. Bd3 e6 10. O-O-O b5 11. Rge1 Bb7 12. Nd5 Nxd3+ 13. Qxd3 Rc8 14. Qh3 Be7 15. Nxe7 Qxe7 16. e5 dxe5 17. Rxe5 O-O 18. Qg3 Rfd8 19. Rd2 Rxd4 20. Rxd4 Qc7 21. Re2 Qxg3 22. fxg3 Nd5 23. Bd2 Kf8 24. g4 hxg4 25. Rxg4 g6 26. Rh4 Kg7 27. b3 Kf6 28. Rf2+ Kg7 29. Re2 Kf6 30. Rh7 Ke7 31. Rf2 1-0

[Event "Cracovia Festival-A 2023"]
[Site "Krakow"]
[Date "2024.01.03"]
[Round "8.17"]
[White "Akhvlediani, Irakli"]
[Black "Gierulski, Kamil"]
[Result "1-0"]
[ECO "A13"]
[WhiteElo "2359"]
[BlackElo "2223"]
[Annotator "RC"]
[PlyCount "75"]
[EventDate "2023.12.24"]
[EventType "swiss"]
[EventCountry "POL"]
[SourceTitle "playchess.com"]
[Source "ChessBase"]
[SourceQuality "1"]
[TimeControl "40/5400+30:1800+30"]

1. c4 e6 2. Nc3 Bb4 3. Qb3 Nc6 4. Nf3 Nf6 5. a3 Bxc3 6. Qxc3 d6 7. b4 e5 8. Bb2 O-O 9. d3 Bg4 10. e3 Bxf3 11. gxf3 a5 12. b5 Nb8 13. f4 Nbd7 14. fxe5 dxe5 15. d4 e4 16. Rg1 a4 17. Bh3 Re8 18. O-O-O Nf8 19. d5 Ng6 20. c5 b6 21. d6 cxd6 22. Rxd6 Qe7 23. Rxb6 Rad8 24. Rxf6 gxf6 25. Qxf6 Qxf6 26. Bxf6 Rd5 27. Bd4 Kf8 28. c6 Rxb5 29. Bd7 Ra8 30. c7 Rb7 31. Bc5+ Ne7 32. Bd6 Rb6 33. Bc5 Rb7 34. Bd6 Rb6 35. Rd1 f6 36. Rd2 Rxd6 37. Rxd6 Kg7 38. Re6 1-0

[Event "Cracovia Festival-A 2023"]
[Site "Krakow"]
[Date "2024.01.03"]
[Round "8.18"]
[White "Vasynda, Oleksandr"]
[Black "Kucza, Karol"]
[Result "0-1"]
[ECO "D02"]
[WhiteElo "2153"]
[BlackElo "2343"]
[Annotator "RC"]
[PlyCount "120"]
[EventDate "2023.12.24"]
[EventType "swiss"]
[EventCountry "POL"]
[SourceTitle "playchess.com"]
[Source "ChessBase"]
[SourceQuality "1"]
[TimeControl "40/5400+30:1800+30"]

1. d4 d5 2. Nf3 Nf6 3. c4 e6 4. e3 b6 5. Bd3 Bd6 6. O-O O-O 7. b3 Bb7 8. Bb2 Nbd7 9. Nc3 a6 10. Qc2 dxc4 11. bxc4 c5 12. d5 exd5 13. Nxd5 Bxd5 14. cxd5 b5 15. Rad1 Re8 16. Bf5 g6 17. Bxd7 Nxd7 18. e4 Qc7 19. Rfe1 f6 20. g3 Rac8 21. Nh4 c4 22. Bd4 Ne5 23. Re2 Bc5 24. Bxe5 fxe5 25. Nf3 Qe7 26. Kg2 Bd6 27. Rf1 c3 28. Ne1 Rc4 29. Nd3 a5 30. Kh1 a4 31. f4 Qd7 32. f5 b4 33. fxg6 hxg6 34. Ref2 Kg7 35. Rf6 Rc7 36. Qc1 Qg4 37. Nf2 Qe2 38. Rxd6 c2 39. Rb6 Qxf1+ 40. Qxf1 c1=Q 41. Qxc1 Rxc1+ 42. Kg2 Rc2 43. Rb7+ Kg8 44. Kg1 b3 45. Ng4 Rf8 46. axb3 a3 47. Ra7 a2 48. Nxe5 Rc1+ 49. Kg2 a1=Q 50. Rxa1 Rxa1 51. Nxg6 Ra2+ 52. Kh3 Re8 53. Kg4 Rxe4+ 54. Kf5 Re3 55. d6 Rd2 56. Ne7+ Kf7 57. Kf4 Rxb3 58. Nf5 Kf6 59. g4 Rb4+ 60. Kg3 Rd5 0-1

[Event "Cracovia Festival-A 2023"]
[Site "Krakow"]
[Date "2024.01.03"]
[Round "8.19"]
[White "Lukasiewicz, Krzysztof"]
[Black "Grochol, Kamil"]
[Result "1/2-1/2"]
[ECO "A45"]
[WhiteElo "2290"]
[BlackElo "2101"]
[Annotator "RC"]
[PlyCount "55"]
[EventDate "2023.12.24"]
[EventType "swiss"]
[EventCountry "POL"]
[SourceTitle "playchess.com"]
[Source "ChessBase"]
[SourceQuality "1"]
[TimeControl "40/5400+30:1800+30"]

1. d4 Nf6 2. Bf4 d5 3. e3 c5 4. Nf3 Nc6 5. Nbd2 e6 6. c3 Bd6 7. Bg3 O-O 8. Bd3 Qe7 9. Ne5 Nd7 10. Nxd7 Qxd7 11. dxc5 Bxc5 12. O-O Rd8 13. Nf3 Bd6 14. Qe2 Bxg3 15. hxg3 e5 16. e4 d4 17. Rfd1 Qe7 18. cxd4 Nxd4 19. Nxd4 Rxd4 20. Bc4 Rxd1+ 21. Rxd1 Be6 22. Bxe6 Qxe6 23. Qb5 b6 24. Qd7 Qf6 25. Qc7 g6 26. b3 Kg7 27. Rd6 Rc8 28. Qxc8 1/2-1/2

[Event "Cracovia Festival-A 2023"]
[Site "Krakow"]
[Date "2024.01.03"]
[Round "8.20"]
[White "Ernst, Robert"]
[Black "Eke, Salih"]
[Result "1/2-1/2"]
[ECO "A05"]
[WhiteElo "2271"]
[BlackElo "2217"]
[Annotator "RC"]
[PlyCount "47"]
[EventDate "2023.12.24"]
[EventType "swiss"]
[EventCountry "POL"]
[SourceTitle "playchess.com"]
[Source "ChessBase"]
[SourceQuality "1"]
[TimeControl "40/5400+30:1800+30"]

1. Nf3 Nf6 2. c4 e6 3. e3 d5 4. Nc3 Bd6 5. b3 O-O 6. Bb2 c6 7. Qc2 e5 8. cxd5 cxd5 9. Nb5 Nc6 10. Nxd6 Qxd6 11. d4 e4 12. Ne5 Bd7 13. Be2 Rac8 14. Qd2 Nb4 15. Nxd7 Nxd7 16. Bc3 Nc6 17. b4 Nb6 18. b5 Ne7 19. Bb4 Qe6 20. Bc5 Nc4 21. Qb4 Rfe8 22. Bxc4 dxc4 23. Bxe7 Rxe7 24. Rc1 1/2-1/2

[Event "Cracovia Festival-A 2023"]
[Site "Krakow"]
[Date "2024.01.03"]
[Round "8.21"]
[White "Sieciechowicz, Marcin"]
[Black "Selbes, Tamer Tarik"]
[Result "1-0"]
[ECO "D31"]
[WhiteElo "2391"]
[BlackElo "2185"]
[Annotator "RC"]
[PlyCount "129"]
[EventDate "2023.12.24"]
[EventType "swiss"]
[EventCountry "POL"]
[SourceTitle "playchess.com"]
[Source "ChessBase"]
[SourceQuality "1"]
[TimeControl "40/5400+30:1800+30"]

1. d4 d5 2. c4 e6 3. Nc3 h6 4. cxd5 exd5 5. Bf4 c6 6. Qc2 Bd6 7. Bxd6 Qxd6 8. e3 Nf6 9. Nf3 O-O 10. Bd3 Re8 11. h3 Nbd7 12. O-O Qe7 13. Nd2 Nf8 14. Rfe1 Ne6 15. Nf3 Ng5 16. Ne5 Nge4 17. f3 Nd6 18. Rad1 Be6 19. Qf2 Nd7 20. Nxd7 Qxd7 21. e4 dxe4 22. fxe4 f5 23. e5 Ne4 24. Bxe4 fxe4 25. Rxe4 Rf8 26. Rf4 Rxf4 27. Qxf4 Rf8 28. Qe3 Rf5 29. b3 Rg5 30. Kh2 Qf7 31. Ne4 Rg6 32. Rd2 Bd5 33. Nc3 h5 34. Nxd5 Qxd5 35. Qf3 Qxf3 36. gxf3 Rg5 37. f4 Rf5 38. Kg3 g5 39. fxg5 Rxg5+ 40. Kf3 Kf7 41. Rg2 Rf5+ 42. Ke3 c5 43. Ke4 Rf1 44. dxc5 Re1+ 45. Kd4 Rd1+ 46. Kc4 Rc1+ 47. Kb4 Re1 48. Rg5 Re4+ 49. Kb5 Rh4 50. e6+ Kxe6 51. Rg7 a6+ 52. Kb6 Rb4+ 53. Ka7 Rb5 54. Rxb7 Rxc5 55. Kxa6 Rc2 56. a4 Rh2 57. b4 Rxh3 58. Rh7 Kd5 59. b5 h4 60. b6 Kc6 61. b7 Rb3 62. Ka7 Rb4 63. Rh6+ Kc7 64. b8=Q+ Rxb8 65. Rh7+ 1-0

[Event "Cracovia Festival-A 2023"]
[Site "Krakow"]
[Date "2024.01.03"]
[Round "8.22"]
[White "Anwesh, Upadhyaya"]
[Black "Valiyev, Shahin"]
[Result "1-0"]
[ECO "B90"]
[WhiteElo "2350"]
[BlackElo "2158"]
[Annotator "RC"]
[PlyCount "41"]
[EventDate "2023.12.24"]
[EventType "swiss"]
[EventCountry "POL"]
[SourceTitle "playchess.com"]
[Source "ChessBase"]
[SourceQuality "1"]
[TimeControl "40/5400+30:1800+30"]

1. e4 c5 2. Nf3 d6 3. d4 cxd4 4. Nxd4 Nf6 5. Nc3 a6 6. Be3 e5 7. Nb3 Be6 8. Qd2 Be7 9. O-O-O Nbd7 10. f4 b5 11. f5 Bc4 12. Kb1 O-O 13. g4 Nxg4 14. Rg1 Nxe3 15. Qxe3 Kh8 16. Nd2 Bxf1 17. Rdxf1 Nf6 18. Rf3 Rc8 19. Rh3 b4 20. Nd5 Nxd5 21. Rxg7 1-0

[Event "Cracovia Festival-A 2023"]
[Site "Krakow"]
[Date "2024.01.03"]
[Round "8.23"]
[White "Dubnevych, Maksym"]
[Black "Buchenau, Frank"]
[Result "1/2-1/2"]
[ECO "E16"]
[WhiteElo "2340"]
[BlackElo "2135"]
[Annotator "RC"]
[PlyCount "168"]
[EventDate "2023.12.24"]
[EventType "swiss"]
[EventCountry "POL"]
[SourceTitle "playchess.com"]
[Source "ChessBase"]
[SourceQuality "1"]
[TimeControl "40/5400+30:1800+30"]

1. d4 Nf6 2. c4 e6 3. Nf3 b6 4. g3 Bb7 5. Bg2 Bb4+ 6. Bd2 Bxd2+ 7. Qxd2 O-O 8. Nc3 d6 9. d5 e5 10. O-O a5 11. b3 Qe7 12. e4 Bc8 13. Ne1 Na6 14. Nc2 Nc5 15. Rae1 Bd7 16. h3 Nh5 17. Bf3 Nf6 18. Bg2 Nh5 19. Bf3 Nf6 20. Kg2 Ne8 21. Bg4 Nxe4 22. Nxe4 f5 23. Bxf5 Bxf5 24. f4 Qd7 25. g4 Bxe4+ 26. Rxe4 Nf6 27. Re3 Rae8 28. Qe2 exf4 29. Rxf4 Rxe3 30. Qxe3 c5 31. dxc6 Qxc6+ 32. Qf3 Qxf3+ 33. Kxf3 d5 34. Ne3 dxc4 35. bxc4 h6 36. h4 Rd8 37. g5 Nh5 38. Re4 hxg5 39. hxg5 Rd2 40. a4 Ra2 41. Nd5 Rxa4 42. Nxb6 Ra3+ 43. Kg4 g6 44. c5 Rg3+ 45. Kh4 Rc3 46. Nd7 Ng3 47. Ra4 Nf5+ 48. Kg4 Rc4+ 49. Rxc4 Ne3+ 50. Kf4 Nxc4 51. Nb6 Na3 52. Ke5 Kf7 53. Kd6 Nb5+ 54. Kd7 Nd4 55. Nc4 a4 56. Ne5+ Kg7 57. Nc4 Kf7 58. Ne5+ Kg7 59. c6 Nb5 60. Nc4 Kf7 61. Na3 Nc3 62. Kd6 Ne4+ 63. Kd5 Nc3+ 64. Kd6 Ne4+ 65. Ke5 Nc5 66. Kd5 Na6 67. Kd6 Ke8 68. Nb5 Kf7 69. Na3 Ke8 70. Nb5 Kf7 71. Kd7 Nb8+ 72. Kd6 Nxc6 73. Kxc6 Ke6 74. Nd4+ Ke5 75. Nc2 Kf5 76. Kb5 Kxg5 77. Kxa4 Kf4 78. Kb3 g5 79. Kc3 g4 80. Kd2 Kf3 81. Ne3 g3 82. Nf5 g2 83. Nh4+ Kf2 84. Nxg2 Kxg2 1/2-1/2

[Event "Cracovia Festival-A 2023"]
[Site "Krakow"]
[Date "2024.01.03"]
[Round "8.24"]
[White "Ongut, Tamas Gunes"]
[Black "Babiarz, Arkadiusz"]
[Result "1-0"]
[ECO "D27"]
[WhiteElo "2313"]
[BlackElo "2129"]
[Annotator "RC"]
[PlyCount "65"]
[EventDate "2023.12.24"]
[EventType "swiss"]
[EventCountry "POL"]
[SourceTitle "playchess.com"]
[Source "ChessBase"]
[SourceQuality "1"]
[TimeControl "40/5400+30:1800+30"]

1. d4 d5 2. Nf3 Nf6 3. c4 dxc4 4. e3 e6 5. Bxc4 a6 6. O-O c5 7. e4 Nxe4 8. Qe2 Nf6 9. d5 b5 10. dxe6 fxe6 11. Bxe6 Bxe6 12. Ng5 Ra7 13. Nxe6 Re7 14. Re1 Qc8 15. Nc3 Nc6 16. Nd5 Nxd5 17. Qh5+ g6 18. Qxd5 Nd4 19. Ng7+ Bxg7 20. Rxe7+ Kxe7 21. Bg5+ Kf8 22. Re1 Nf5 23. g4 Bh6 24. Bf6 Bg7 25. Re6 Nd4 26. Bxg7+ Kxg7 27. Qe5+ Kg8 28. Re8+ Qxe8 29. Qxe8+ Kg7 30. Qe5+ Kg8 31. Qxc5 Ne6 32. Qc8+ Nf8 33. Qxa6 1-0

[Event "Cracovia Festival-A 2023"]
[Site "Krakow"]
[Date "2024.01.03"]
[Round "8.25"]
[White "Cieslak, Patryk"]
[Black "Lehocz, Jozsef Jr."]
[Result "1-0"]
[ECO "A52"]
[WhiteElo "2284"]
[BlackElo "2116"]
[Annotator "RC"]
[PlyCount "93"]
[EventDate "2023.12.24"]
[EventType "swiss"]
[EventCountry "POL"]
[SourceTitle "playchess.com"]
[Source "ChessBase"]
[SourceQuality "1"]
[TimeControl "40/5400+30:1800+30"]

1. d4 Nf6 2. c4 e5 3. dxe5 Ng4 4. Bf4 Nc6 5. Nf3 Bb4+ 6. Nbd2 Qe7 7. e3 Ngxe5 8. Nxe5 Nxe5 9. Be2 O-O 10. O-O Ng6 11. Bg3 Bd6 12. Bxd6 Qxd6 13. Ne4 Qe5 14. Nc3 d6 15. Qd2 Bf5 16. Nb5 c6 17. Nd4 Rad8 18. Rfd1 Bc8 19. Nf3 Qf6 20. Qd4 Ne5 21. Nxe5 Qxe5 22. Rd2 Qa5 23. b3 d5 24. c5 Rfe8 25. b4 Qc7 26. Bf3 Bf5 27. Rad1 h6 28. Qh4 Qe7 29. Qf4 Qe5 30. Rd4 Qxf4 31. Rxf4 Be4 32. h4 Bxf3 33. gxf3 Re5 34. a4 a6 35. Rb1 Ra8 36. b5 axb5 37. axb5 Ra5 38. bxc6 bxc6 39. Rb8+ Kh7 40. Rxf7 Kg6 41. Rbb7 Kh5 42. Rxg7 Rxc5 43. Rbf7 Rc4 44. f4 Re6 45. Rf5+ Kxh4 46. Kg2 d4 47. Kf3 1-0

[Event "Cracovia Festival-A 2023"]
[Site "Krakow"]
[Date "2024.01.03"]
[Round "8.26"]
[White "Nemsadze, Daviti"]
[Black "Kaliszuk, Kamil"]
[Result "1-0"]
[ECO "C92"]
[WhiteElo "2253"]
[BlackElo "2107"]
[Annotator "RC"]
[PlyCount "85"]
[EventDate "2023.12.24"]
[EventType "swiss"]
[EventCountry "POL"]
[SourceTitle "playchess.com"]
[Source "ChessBase"]
[SourceQuality "1"]
[TimeControl "40/5400+30:1800+30"]

1. e4 e5 2. Nf3 Nc6 3. Bb5 a6 4. Ba4 Nf6 5. O-O Be7 6. Re1 b5 7. Bb3 d6 8. c3 O-O 9. h3 Bb7 10. d4 Nd7 11. Nbd2 exd4 12. cxd4 Bf6 13. Nf1 Na5 14. Bc2 Re8 15. N1h2 c5 16. Ng4 Bxd4 17. Nxd4 cxd4 18. Qxd4 Rc8 19. Ne3 Nf6 20. f3 d5 21. exd5 Nxd5 22. Qd3 Qh4 23. Bd2 Nf4 24. Qf1 Qd8 25. Rad1 Qb6 26. Kh1 Nh5 27. Qf2 g6 28. Bc3 Nc6 29. a3 Ne7 30. Bd4 Qc7 31. Bb1 Ng3+ 32. Kg1 h5 33. b4 Qf4 34. Ba1 f6 35. Rd4 Qb8 36. Rd7 Bc6 37. Qa2+ Nd5 38. Rxd5 Bxd5 39. Qxd5+ Kf8 40. Bxg6 Re7 41. Bxf6 Ne2+ 42. Rxe2 Rc1+ 43. Kf2 1-0

[Event "Cracovia Festival-A 2023"]
[Site "Krakow"]
[Date "2024.01.03"]
[Round "8.27"]
[White "Pyrig, Roman"]
[Black "Piekielny, Pawel"]
[Result "0-1"]
[ECO "C11"]
[WhiteElo "2154"]
[BlackElo "2250"]
[Annotator "RC"]
[PlyCount "120"]
[EventDate "2023.12.24"]
[EventType "swiss"]
[EventCountry "POL"]
[SourceTitle "playchess.com"]
[Source "ChessBase"]
[SourceQuality "1"]
[TimeControl "40/5400+30:1800+30"]

1. e4 e6 2. d4 d5 3. Nc3 Nf6 4. e5 Nfd7 5. f4 c5 6. Nf3 Nc6 7. Be3 a6 8. Ne2 b5 9. g3 b4 10. Bg2 a5 11. O-O cxd4 12. Nfxd4 Nxd4 13. Nxd4 Bc5 14. f5 Nxe5 15. fxe6 Bxe6 16. Qh5 Ng6 17. Rae1 Bxd4 18. Bxd4 O-O 19. c4 bxc3 20. bxc3 Rb8 21. h4 Qd7 22. Qg5 h6 23. Qd2 Rfe8 24. Rf2 Bh3 25. Ref1 f6 26. Rxf6 Bxg2 27. Rf7 Qxf7 28. Rxf7 Kxf7 29. Qxg2 Re4 30. Qf1+ Kg8 31. Qa6 Rb2 32. Kf1 Kh7 33. h5 Ne7 34. a3 Rh2 35. Bc5 Rxh5 36. Bxe7 Rxe7 37. Qxa5 Rf5+ 38. Kg2 Re2+ 39. Kh3 Rh5+ 40. Kg4 Re4+ 41. Kf3 Rf5+ 42. Kg2 Re2+ 43. Kh3 Re3 44. a4 Rg5 45. Qc7 Re4 46. a5 Rc4 47. Qb8 Rg6 48. Qe5 Rc5 49. c4 Rxa5 50. cxd5 Ra3 51. d6 Rd3 52. Qe4 Rdxd6 53. g4 Ra6 54. g5 Ra5 55. Kh4 Raxg5 56. Qb7 Rg2 57. Kh3 R6g3+ 58. Kh4 Rg4+ 59. Kh3 R2g3+ 60. Kh2 Rg6 0-1

[Event "Cracovia Festival-A 2023"]
[Site "Krakow"]
[Date "2024.01.03"]
[Round "8.28"]
[White "Hnatyshyn, Anastasiia"]
[Black "Fodor, Balazs"]
[Result "0-1"]
[ECO "B28"]
[WhiteElo "2152"]
[BlackElo "2225"]
[Annotator "RC"]
[PlyCount "84"]
[EventDate "2023.12.24"]
[EventType "swiss"]
[EventCountry "POL"]
[SourceTitle "playchess.com"]
[Source "ChessBase"]
[SourceQuality "1"]
[TimeControl "40/5400+30:1800+30"]

1. e4 c5 2. Nf3 a6 3. c4 Nc6 4. d4 cxd4 5. Nxd4 e5 6. Nc2 Nf6 7. Nc3 Bc5 8. Be2 d6 9. O-O O-O 10. Kh1 Nd4 11. Be3 Nxe2 12. Qxe2 Bxe3 13. Nxe3 Be6 14. Rfd1 Rc8 15. Rac1 Rc6 16. b4 Qb6 17. a3 Rfc8 18. Na4 Qd8 19. Nc5 Qe7 20. Nd5 Bxd5 21. exd5 Rxc5 22. bxc5 Rxc5 23. Rb1 g6 24. g3 Rc7 25. Kg2 Nd7 26. h4 h5 27. Rh1 f5 28. Qe3 e4 29. Rhc1 Nc5 30. Rc3 Qe5 31. Qg5 Kh7 32. Re3 Rd7 33. Rd1 Qb2 34. g4 fxg4 35. Qf4 Kg7 36. Rf1 Qc2 37. Kg1 Qxc4 38. Qg5 Nd3 39. Kg2 Rf7 40. Qd8 Qxd5 41. Qe8 Ne5 42. Qd8 Nc4 0-1

[Event "Cracovia Festival-A 2023"]
[Site "Krakow"]
[Date "2024.01.03"]
[Round "8.29"]
[White "Gorkiewicz, Mateusz"]
[Black "Sofronie, Iulian"]
[Result "1/2-1/2"]
[ECO "C29"]
[WhiteElo "2147"]
[BlackElo "2438"]
[Annotator "RC"]
[PlyCount "113"]
[EventDate "2023.12.24"]
[EventType "swiss"]
[EventCountry "POL"]
[SourceTitle "playchess.com"]
[Source "ChessBase"]
[SourceQuality "1"]
[TimeControl "40/5400+30:1800+30"]

1. e4 e5 2. Nc3 Nf6 3. f4 d5 4. fxe5 Nxe4 5. Qf3 f5 6. d3 Nxc3 7. bxc3 d4 8. Qg3 Nc6 9. Be2 Be6 10. Bf3 Qd7 11. c4 g6 12. Ne2 Nb4 13. O-O c6 14. a3 Nxc2 15. Ra2 Ne3 16. Re1 Bc5 17. Kh1 O-O 18. Nf4 Kh8 19. Qh4 Qf7 20. Rb2 Rab8 21. Bxe3 dxe3 22. Reb1 Bb6 23. Qh6 Bc8 24. Nxg6+ Kg8 25. Nxf8 Qxf8 26. Qxf8+ Kxf8 27. g3 Bd4 28. Rb3 c5 29. Kg2 b6 30. a4 Bxe5 31. a5 Bc7 32. axb6 axb6 33. Bc6 Ke7 34. Kf3 Kd6 35. Bd5 Bd7 36. Bf7 Rf8 37. Bh5 Rf6 38. Kxe3 Ke5 39. Bf3 Rh6 40. R1b2 Bd8 41. h4 Rg6 42. Rg2 Rxg3 43. Rxg3 f4+ 44. Kf2 Bxh4 45. Kg2 Bxg3 46. Rxb6 Bf5 47. Rc6 Bxd3 48. Rxc5+ Kd4 49. Rc7 Bxc4 50. Rxh7 Bd3 51. Rd7+ Ke3 52. Re7+ Kd2 53. Bc6 Be2 54. Re8 Bg4 55. Bb7 Bh5 56. Re7 Bg4 57. Bc6 1/2-1/2

[Event "Cracovia Festival-A 2023"]
[Site "Krakow"]
[Date "2024.01.03"]
[Round "8.30"]
[White "Zdybel, Przemyslaw"]
[Black "Baum, Jonasz"]
[Result "0-1"]
[ECO "C78"]
[WhiteElo "2180"]
[BlackElo "2421"]
[Annotator "RC"]
[PlyCount "56"]
[EventDate "2023.12.24"]
[EventType "swiss"]
[EventCountry "POL"]
[SourceTitle "playchess.com"]
[Source "ChessBase"]
[SourceQuality "1"]
[TimeControl "40/5400+30:1800+30"]

1. e4 e5 2. Nf3 Nc6 3. Bb5 a6 4. Ba4 Nf6 5. O-O b5 6. Bb3 Bc5 7. a4 Rb8 8. axb5 axb5 9. d3 d6 10. c3 O-O 11. Bg5 h6 12. Bh4 g5 13. Bg3 Kg7 14. d4 Bb6 15. Bd5 Nxd5 16. exd5 Ne7 17. dxe5 dxe5 18. Bxe5+ f6 19. Bd4 Nxd5 20. Bxb6 Rxb6 21. Ra8 Qd7 22. Nd4 Nf4 23. f3 c5 24. Nb3 Rd6 25. N1d2 c4 26. Nd4 Rxd4 27. cxd4 Qxd4+ 28. Kh1 Bh3 0-1